 Dungeon Crawl Stone Soup version 0.27-a0-1181-g5f64966fcc (webtiles) character file.

Game seed: 819682183459937349

232 voltaire321 the Chopper (level 5, -7/46 HPs)
             Began as a Minotaur Gladiator on May 17, 2021.
             Mangled by an orc
             ... wielding a +0 war axe
              (9 damage)
             ... on level 3 of the Dungeon.
             The game lasted 00:04:47 (2580 turns).

voltaire321 the Chopper (Minotaur Gladiator)        Turns: 2580, Time: 00:04:48

Health: -7/46      AC:  4    Str: 25    XL:     5   Next: 73%
Magic:  4/4        EV: 17    Int:  6    God:
Gold:   105        SH:  0    Dex: 11    Spells: 4/4 levels left

rFire    + . .     SeeInvis .   a - +1 war axe
rCold    + . .     Faith    .   (no shield)
rNeg     . . .     Spirit   .   b - +0 leather armour
rPois    .         Reflect  .   c - +0 hat
rElec    .         Harm     .   f - scarf {rC+ rF+}
rCorr    .         Rampage  .   m - +0 pair of gloves
Will     .....                  (no boots)
Stlth    +.........             (no amulet)
HPRegen  0.15/turn              g - +6 ring of strength
MPRegen  0.09/turn              h - +4 ring of evasion

@: no status effects
A: horns 2, retaliatory headbutt
a: no special abilities


You were on level 3 of the Dungeon.
You visited 1 branch of the dungeon, and saw 3 of its levels.

You collected 105 gold pieces.

Inventory:

Hand Weapons
 a - a +1 war axe (weapon)
Missiles
 d - 3 throwing nets (quivered)
Armour
 b - a +0 leather armour (worn)
 c - a +0 hat (worn)
 f - a scarf of resistance (worn)
 m - a +0 pair of gloves (worn)
Jewellery
 g - a +6 ring of strength (left hand)
 h - a +4 ring of evasion (right hand)
 o - an amulet of magic regeneration
 p - a ring of ice
Wands
 i - a wand of flame (12)
Scrolls
 e - a scroll of magic mapping
 k - a scroll of fear {unknown}
 q - a scroll of enchant weapon
Potions
 j - a potion of curing
 l - a potion of heal wounds {unknown}
 n - 2 potions of berserk rage {unknown}


   Skills:
 + Level 3.8 Fighting
 + Level 4.7 Axes
 + Level 3.1 Throwing
 + Level 2.7 Armour
 + Level 4.4 Dodging


You had 4 spell levels left.
You didn't know any spells.
Your spell library contained the following spells:

 Spells                   Type           Power      Damage    Failure   Level
 Freeze                   Ice            0%         1d3       50%         1
 Summon Small Mammal      Summ           0%         N/A       50%         1
 Call Imp                 Summ           0%         N/A       63%         2
 Call Canine Familiar     Summ           0%         N/A       86%         3
 Frozen Ramparts          Ice            0%         1d2       86%         3
 Ozocubu's Armour         Ice            0%         N/A       86%         3
 Summon Guardian Golem    Hex/Summ       0%         N/A       86%         3
 Hailstorm                Conj/Ice       0%         3d3       99%         4
 Summon Ice Beast         Ice/Summ       0%         N/A       99%         4
 Summon Lightning Spire   Summ/Air       0%         N/A       99%         4
 Metabolic Englaciation   Hex/Ice        0%         N/A       100%        5


Dungeon Overview and Level Annotations

Branches:
Dungeon (3/15)

Altars:


Innate Abilities, Weirdness & Mutations

You have a pair of horns on your head.
You reflexively headbutt those who attack you in melee.


Message History

You barely miss the gnoll shaman. You hit the gnoll.
You closely miss the gnoll. You barely miss the orc.
The gnoll hits you with a +0 flail. The gnoll shaman barely misses you.
The gnoll closely misses you. The gnoll completely misses you.
The orc closely misses you.
You hit the gnoll shaman but do no damage.
You completely miss the orc. You hit the gnoll. You slash the gnoll!
The gnoll hits you but does no damage. The gnoll shaman barely misses you.
The orc misses you. The gnoll misses you. The gnoll hits you with a +0 flail.
You slash the gnoll shaman!
The gnoll shaman is moderately wounded.
You barely miss the orc. You hit the gnoll. You slash the gnoll!
You kill the gnoll!
The gnoll shaman hits you but does no damage.
The gnoll misses you. You furiously retaliate!
You headbutt the gnoll!
You kill the gnoll!
The orc hits you with a +0 war axe.
The gnoll shaman hits you with a +0 whip.
You closely miss the gnoll shaman.
The gnoll shaman is moderately wounded.
You closely miss the orc. The orc hits you but does no damage.
The gnoll shaman hits you with a +0 whip!
The orc completely misses you.
You barely miss the orc. You barely miss the gnoll shaman.
The gnoll shaman hits you with a +0 whip.
The orc barely misses you.
You completely miss the gnoll shaman. You headbutt the gnoll shaman.
The gnoll shaman is heavily wounded.
You closely miss the orc. The gnoll shaman misses you.
The orc hits you with a +0 war axe.
* * * LOW HITPOINT WARNING * * *
The gnoll shaman closely misses you.
You hit the gnoll shaman. Your headbutt misses the gnoll shaman.
The gnoll shaman is severely wounded.
You closely miss the orc. The orc misses you. You furiously retaliate!
You headbutt the orc.
The gnoll shaman hits you with a +0 whip!
* * * LOW HITPOINT WARNING * * *
The orc hits you with a +0 war axe!
You die...

*,****,*****,,,...............
*,,,,,,,,,.....#.#####.###.#.#
*,,,,*,**##....#,* #)..#.#.#
*,,,,,,,,,.....#,# #.###.#.#
*,,,,*,***#....+.# #.# #...#
*,,,,*,####....#.#####.###...#
*,,,,,,,.......'.......#......
****,,,,*.####..g)#.#####.#.....#
,,,,,,,,,......o@)..# #.#.....#
**,,,,,,,#######.##.#####.#......
*,,,,,,,........)...............
*,,,,,,,#######.###.####.###..#.
*,,,,,,,* #.##.......# #....
*,,,,,,,* #.###.####.####.#.
*,,,,,,,* #.###.............
*,,,,,,,* #..........####.#.
*,,,,,,,* #.###.###.......#.


You could see a gnoll shaman and an orc.

Vanquished Creatures
  A bullfrog (D:3)
  Jessica (D:3)
  4 gnolls (D:3)
  2 adders (D:2)
  2 worms (D:2)
  2 dart slugs (D:1)
  2 bats
  7 endoplasms
  5 giant cockroaches
  9 goblins
  3 hobgoblins
  10 jackals
  5 ball pythons
  A frilled lizard (D:2)
  6 kobolds
  12 rats
72 creatures vanquished.

Vanquished Creatures (others)
  5 plants (D:2)
5 creatures vanquished.

Grand Total: 77 creatures vanquished

Notes
Turn   | Place    | Note
-------+----------+-------------------------------------------
     0 | D:1      | voltaire321 the Minotaur Gladiator began the quest for the
                  | Orb.
     0 | D:1      | Reached XP level 1. HP: 18/18 MP: 0/0
   184 | D:1      | Reached XP level 2. HP: 22/25 MP: 1/1
   453 | D:1      | Reached skill level 1 in Armour
   599 | D:1      | Reached XP level 3. HP: 30/30 MP: 2/2
  1162 | D:2      | Reached XP level 4. HP: 32/38 MP: 3/3
  1915 | D:3      | Noticed a bullfrog
  1921 | D:3      | Killed a bullfrog
  1922 | D:3      | Reached XP level 5. HP: 15/45 MP: 4/4
  2122 | D:3      | Identified a scroll of acquirement
  2122 | D:3      | Acquired a scarf of resistance
  2262 | D:3      | Noticed Jessica
  2266 | D:3      | Killed Jessica
  2291 | D:3      | Found a faded altar of an unknown god.
  2580 | D:3      | HP: 2/46 [gnoll shaman/+0 whip (9)]
  2580 | D:3      | Mangled by an orc

Illustrated notes

Levels and vault maps discovered:
D:1:      onia_arrival_handbag, layout_loops_ring
D:2:      layout_basic, serial_forest, infiniplex_forest_clump_small,
          infiniplex_forest_straight_2, infiniplex_forest_straight_3,
          infiniplex_forest_3_way, infiniplex_forest_clump_large,
          infiniplex_forest_clump_diagonal, infiniplex_forest_clump_cross,
          infiniplex_forest_clump_long, minmay_misc_feat_tower
D:3:      layout_basic, hellmonk_ecumenical_altar_lost_god, uniq_jessica

Skill      XL: |  1  2  3  4  5 |
---------------+----------------+-----
Armour         | 1 2 |  2.7
Axes           | 4 |  4.7
Fighting       | 3 |  3.8
Dodging        | 4 |  4.4
Throwing       | 3 |  3.1

Action                   |  1- 3 |  4- 6 || total
-------------------------+-------+-------++-------
Melee: War axe           |    66 |    39 ||   105
       Headbutt          |    11 |     3 ||    14
  Use: Scroll            |       |     5 ||     5
Armor: Leather armour    |    13 |    11 ||    24
Dodge: Dodged            |    47 |    46 ||    93

Table legend: (Time is in decaauts)
 A = Elapsed time spent in this place.
 B = Non-inter-level travel time spent in this place.
 C = Inter-level travel time spent in this place.
 D = Time resting spent in this place.
 E = Time spent auto-exploring this place.
 F = Levels seen in this place.
 G = Mean time per level.
                   A        B        C        D        E       F      G
               +--------+--------+--------+--------+--------+-----+--------+
         Total |   2611 |   2563 |     48 |    199 |   1952 |   3 |  870.3 |
       Dungeon |   2611 |   2563 |     48 |    199 |   1952 |   3 |  870.3 |
               +--------+--------+--------+--------+--------+-----+--------+

Top non-repeatable levels by time:
     D:1: 970 daAuts
     D:2: 965 daAuts
     D:3: 675 daAuts
